 Dungeon Crawl Stone Soup version 0.29-a0-88-g03a7b78be7 (webtiles) character file.

Game seed: 1340280605095372301

25 Sweetruy1997 the Covered (level 3, 0/30 HPs)
             Began as a Barachi Fighter on Feb 5, 2022.
             Succumbed to an adder's poison
             ... on level 2 of the Dungeon.
             The game lasted 00:04:20 (1054 turns).

Sweetruy1997 the Covered (Barachi Fighter)          Turns: 1054, Time: 00:04:21

Health: 0/30       AC:  9    Str: 17    XL:     3   Next: 6%
Magic:  3/3        EV:  9    Int:  8    God:
Gold:   56         SH:  5    Dex: 13    Spells: 2/2 levels left

rFire   . . .      SeeInvis .   a - +0 long sword
rCold   . . .      Faith    .   c - +0 buckler
rNeg    . . .      Spirit   .   b - +0 scale mail
rPois   .          Reflect  .   (no helmet)
rElec   .          Harm     .   (no cloak)
rCorr   .          Rampage  .   (no gloves)
Will    .....                   j - +1 pair of boots
Stlth   ..........              (no amulet)
HPRegen 0.10/turn               (no ring)
MPRegen 0.08/turn               (no ring)

@: mighty, lethally poisoned (0 -> -4), slowed, very slow
A: amphibious, slowness 1, strong legs 1, +LOS
a: Hop


You were on level 2 of the Dungeon.
You visited 1 branch of the dungeon, and saw 2 of its levels.

You collected 56 gold pieces.

Inventory:

Hand Weapons
 a - a +0 long sword (weapon)
Armour
 b - a +0 scale mail (worn)
 c - a +0 buckler (worn)
 j - a +1 pair of boots (worn)
Scrolls
 e - a scroll of identify {unknown}
 f - a scroll of torment {unknown}
 g - a scroll of teleportation {unknown}
 h - a scroll of magic mapping {unknown}
 i - a scroll of fear {unknown}
 k - a scroll of enchant armour {unknown}


   Skills:
 + Level 3.9 Fighting
 + Level 2.9 Long Blades
 - Level 4.0 Armour
 + Level 0.1 Dodging
 + Level 3.7 Shields


You had 2 spell levels left.
You didn't know any spells.
Your spell library was empty.

Dungeon Overview and Level Annotations

Branches:
Dungeon (2/15)

Altars:

Annotations:
D:2 Natasha


Innate Abilities, Weirdness & Mutations

You are amphibious.
You cover ground slowly.
You can hop short distances.
You have an extended range of vision and can be seen from far away.


Message History

You feel sick. You block the adder's attack.
The ball python bites you but does no damage.
The ball python constricts you. The adder bites you but does no damage.
You slash the ball python!
You kill the ball python!
You feel sick. The adder barely misses you.
The adder bites you but does no damage. Natasha claws you but does no damage.
You completely miss the adder.
The adder is severely wounded.
You feel sick. The adder barely misses you. Natasha claws you.
* * * LOW HITPOINT WARNING * * *
The adder bites you but does no damage.
You feel sick.
You are no longer poisoned.
Natasha stares at you and mumbles some strange words.
You feel yourself slow down.
Natasha mumbles some strange words.
The adder barely misses you. The adder bites you but does no damage.
Natasha mumbles some strange words.
The adder barely misses you.
You barely miss the adder.
The adder is severely wounded.
The adder bites you but does no damage.
The crimson imp blinks!
The adder closely misses you.
You hit the adder.
The adder is severely wounded.
The adder bites you.
* * * LOW HITPOINT WARNING * * *
You are lethally poisoned!
The adder poisons you! You block the adder's attack.
The adder bites you but does no damage.
You feel very mighty all of a sudden.
* * * LOW HITPOINT WARNING * * *
You feel sick. The adder bites you.
* * * LOW HITPOINT WARNING * * *
The adder bites you but does no damage.
You closely miss the adder.
The adder is severely wounded.
You die...

... ##.. ....###..#
.....?...# .♣.......# [
.......†.# . #.######## .
#h5....... . #S######## .
#@# .## #.#######.# ..#
#.........# ..##########
#.######### ...........#
#.#
##########.#####.#########
#.......†.......###
#..####.#####.....#
#.......#.....#.#.#


You could see Natasha (empowered), an adder and a shadow imp (summoned).

Vanquished Creatures
  A worm (D:2)
  A dart slug (D:1)
  2 endoplasms (D:1)
  A giant cockroach (D:1)
  A goblin (D:1)
  2 hobgoblins (D:1)
  A kobold (D:1)
  6 ball pythons
  3 bats
  2 rats (D:1)
20 creatures vanquished.

Notes
Turn   | Place    | Note
-------+----------+-------------------------------------------
     0 | D:1      | Sweetruy1997 the Barachi Fighter began the quest for the
                  | Orb.
     0 | D:1      | Reached XP level 1. HP: 18/18 MP: 1/1
   326 | D:1      | Reached XP level 2. HP: 24/24 MP: 2/2
   329 | D:1      | Reached skill level 4 in Armour
   932 | D:2      | Reached XP level 3. HP: 24/30 MP: 3/3
  1039 | D:2      | Noticed Natasha
  1054 | D:2      | Succumbed to an adder's poison

Illustrated notes

Levels and vault maps discovered:
D:1:      scummos_arrival_checkerplants, layout_loops_ring, minmay_pentomino_w2
D:2:      layout_basic, serial_glass, glass_columns_b, glass_columns_c,
          glass_columns_a, glass_columns_a, glass_columns_b, glass_columns_a,
          grunt_ministairs_6, uniq_natasha

Skill      XL: |  1  2 |
---------------+-------+-----
Armour         | 4 |  4.0
Fighting       | |  3.9
Long Blades    | |  2.9
Dodging        | |  0.1
Shields        | |  3.7

Action                   || total
-------------------------++-------
Melee: Long sword        ||    66
 Abil: Hop               ||     1
  Use: Potion            ||     1
Armor: Scale mail        ||    47
Dodge: Dodged            ||    30
Block: Buckler           ||    19

Table legend: (Time is in decaauts)
 A = Elapsed time spent in this place.
 B = Non-inter-level travel time spent in this place.
 C = Inter-level travel time spent in this place.
 D = Time resting spent in this place.
 E = Time spent auto-exploring this place.
 F = Levels seen in this place.
 G = Mean time per level.
                   A        B        C        D        E       F      G
               +--------+--------+--------+--------+--------+-----+--------+
         Total |   1198 |   1183 |     15 |      0 |    950 |   2 |  599.0 |
       Dungeon |   1198 |   1183 |     15 |      0 |    950 |   2 |  599.0 |
               +--------+--------+--------+--------+--------+-----+--------+

Top non-repeatable levels by time:
     D:1: 871 daAuts
     D:2: 327 daAuts
